 Dungeon Crawl Stone Soup version 0.30-a0-476-g330ca2eb8e (webtiles) character file.

Game seed: 3486844444547382720

161 avis the Stinger (level 5, 0/44 HPs)
             Began as a Naga Venom Mage on Dec 22, 2022.
             Slain by a water moccasin (10 damage)
             ... in a sewer.
             The game lasted 00:24:43 (2309 turns).

avis the Stinger (Naga Venom Mage)                  Turns: 2309, Time: 00:24:43

Health: 0/44       AC:  4    Str: 10    XL:     5   Next: 42%
Magic:  3/8        EV:  9    Int: 18    God:
Gold:   61         SH:  0    Dex: 11    Spells: 2/8 levels left

rFire   . . .      SeeInvis +    a - +0 short sword
rCold   . . .      Faith    .    (no shield)
rNeg    . . .      Spirit   .    h - +0 robe
rPois   +          Reflect  .    (no helmet)
rElec   .          Harm     .    l - +1 cloak
rCorr   .          Rampage  .    (no gloves)
Will    +....                    (no barding)
Stlth   ++........               (no amulet)
HPRegen 0.27/turn                i - ring of willpower
MPRegen 0.11/turn                (no ring)

@: short of breath, very slow
A: AC +1, large, see invisible, deformed body, poison resistance, slowness 2,
spit poison 1, naga tail 1
a: Spit Poison


You were in a sewer.
You visited 2 branches of the dungeon, and saw 5 of its levels.
You also visited: Sewer.

You collected 61 gold pieces.

Inventory:

Hand Weapons
 a - a +0 short sword (weapon)
 f - a +0 sling
Missiles
 j - 2 datura-tipped darts (quivered)
Armour
 h - a +0 robe (worn)
 l - a +1 cloak (worn)
Jewellery
 i - a ring of willpower (left hand)
Wands
 p - a wand of roots (4)
 q - a wand of flame (16)
Scrolls
 g - a scroll of poison {unknown}
 k - 2 scrolls of identify
 m - a scroll of blinking {unknown}
 r - a scroll of fog {unknown}
Potions
 b - 3 potions of magic
 c - a potion of might
 d - a potion of heal wounds {unknown}
 e - a potion of curing {unknown}
 n - a potion of brilliance {unknown}
 o - a potion of flight {unknown}


   Skills:
 - Level 1.0 Fighting
 - Level 1.5 Dodging
 - Level 4.0 Stealth
 - Level 2.0 Spellcasting
 - Level 2.0 Conjurations
 - Level 1.0 Transmutations
 * Level 3.0 Air Magic
 - Level 5.0 Poison Magic


You had 2 spell levels left.
You knew the following spells:

 Your Spells              Type           Power      Damage    Failure   Level
a - Sting                 Tmut/Pois      48%        1d5       5%          1
i - Poisonous Vapours     Pois/Air       32%        N/A       5%          2
m - Mephitic Cloud        Conj/Pois/Air  13%        N/A       14%         3

Your spell library contained the following spells:

 Spells                   Type           Power      Damage    Failure   Level
 Olgreb's Toxic Radiance  Pois           19%        N/A       22%         4


Dungeon Overview and Level Annotations

Branches:
Dungeon (4/15)             Temple (1/1) D:4           Sewer (1/1)

Altars:
Cheibriados
Dithmenos
Elyvilon
Gozag
Hepliaklqana
Makhleb
Nemelex Xobeh
Qazlal
Sif Muna
Trog
Uskayaw
Vehumet
Wu Jian
Yredelemnul
Zin


Innate Abilities, Weirdness & Mutations

Your serpentine skin is tough. (AC +1)
You have supernaturally acute eyesight. (SInv)
Armour fits poorly on your strangely shaped body.
Your system is resistant to poisons. (rPois)
You cover ground very slowly.
You can spit poison.
You have a snake-like lower body.


Message History

The water moccasin bites you.
Casting: Sting (safe; 5% risk of failure)
Confirm with . or Enter, or press ? or * to list all spells.
Aiming: Sting (safe; 5% risk of failure)
Press: ? - help, Shift-Dir - straight line, f/p - water moccasin
Aim: a water moccasin (lightly wounded, fast, strong, frenzied and insane, very poisoned, 53% to hit)
The sting hits the water moccasin.
The water moccasin partially resists.
The water moccasin is lightly wounded.
The water moccasin bites you. The water moccasin bites you!
Casting: Sting (safe; 5% risk of failure)
Confirm with . or Enter, or press ? or * to list all spells.
Aiming: Sting (safe; 5% risk of failure)
Press: ? - help, Shift-Dir - straight line, f/p - water moccasin
Aim: a water moccasin (lightly wounded, fast, strong, frenzied and insane, very poisoned, 53% to hit)
The sting misses the water moccasin.
The water moccasin barely misses you. The water moccasin bites you.
Unknown command.
Casting: Sting (safe; 5% risk of failure)
Confirm with . or Enter, or press ? or * to list all spells.
Aiming: Sting (safe; 5% risk of failure)
Press: ? - help, Shift-Dir - straight line, f/p - water moccasin
Aim: a water moccasin (lightly wounded, fast, strong, frenzied and insane, very poisoned, 53% to hit)
The sting misses the water moccasin.
You have got your breath back.
The water moccasin bites you!
* * * LOW HITPOINT WARNING * * *
The water moccasin closely misses you.
Aiming: Spit Poison (1% risk of failure)
Press: ? - help, Shift-Dir - straight line, f/p - water moccasin
Aim: a water moccasin (lightly wounded, fast, strong, frenzied and insane, very poisoned, 37% to hit)
The splash of poison hits the water moccasin.
The water moccasin is moderately wounded.
The water moccasin barely misses you. The water moccasin bites you.
* * * LOW HITPOINT WARNING * * *
Okay, then.
As you read the scroll labelled HOFRIR NACHED, it crumbles to dust.
It is a scroll of identify.
c - a potion of might The water moccasin closely misses you.
The water moccasin bites you!
You die...

$)#( ~#.#
#...
##~..#
#~....
.....##
#..S#
#~@##
#~..#
##..# #.
#~.# #.~
#~.# #.~#
##.~# #..~
#.~.#
#~.###~.##
#.~~#~~.#


You could see a neutral water moccasin (fast, strong, insane, poisoned).

Vanquished Creatures
  A scorpion (D:4)
  A hound (D:4)
  2 adders (D:4)
  2 worms
  A dart slug (D:4)
  3 bats (D:1)
  4 endoplasms
  3 giant cockroaches
  6 hobgoblins
  7 jackals
  4 ball pythons
  2 frilled lizards (D:1)
  3 kobolds
  4 rats
43 creatures vanquished.

Vanquished Creatures (others)
  36 fungi (D:4)
36 creatures vanquished.

Grand Total: 79 creatures vanquished

Notes
Turn   | Place    | Note
-------+----------+-------------------------------------------
     0 | D:1      | avis the Naga Venom Mage began the quest for the Orb.
     0 | D:1      | Reached XP level 1. HP: 15/15 MP: 3/3
   198 | D:1      | Reached XP level 2. HP: 22/22 MP: 3/5
   201 | D:1      | Learned a level 2 spell: Poisonous Vapours
   299 | D:1      | Reached skill level 5 in Poison Magic
   705 | D:1      | Reached skill level 1 in Fighting
  1060 | D:2      | Reached XP level 3. HP: 29/31 MP: 1/6
  1064 | D:2      | Learned a level 3 spell: Mephitic Cloud
  1066 | D:2      | You fall into a shaft and drop 2 floors!
  1244 | D:4      | Found a staircase to the Ecumenical Temple.
  1253 | Temple   | Entered the Ecumenical Temple
  1745 | D:4      | Noticed a scorpion
  1751 | D:4      | Killed a scorpion
  1752 | D:4      | Reached skill level 1 in Air Magic
  1752 | D:4      | Reached skill level 1 in Conjurations
  1752 | D:4      | Reached XP level 4. HP: 38/38 MP: 2/7
  1922 | D:4      | Reached XP level 5. HP: 25/44 MP: 3/8
  2130 | D:3      | Found a glowing drain.
  2156 | Sewer    | Entered a sewer
  2300 | Sewer    | Noticed a water moccasin
  2309 | Sewer    | Slain by a water moccasin

Illustrated notes

Levels and vault maps discovered:
D:1:      eino_arrival_water_cross, layout_basic, fountainhead
D:2:      layout_loops_ring, minivault_25
D:3:      layout_basic, serial_shops, nicolae_shop_bloodbath_and_beyond,
          cheibrodos_sewer_entry_drain, shapermc_ecumenical_altar_notcrosses,
          uniq_jessica
D:4:      layout_loops_ring, mainiacjoe_overflow_catch_the_wave,
          lemuel_temple_firewalk_b, feat_on_display
Temple:   nicolae_temple_superstar
Sewer:    sewer_the_moccasin

Skill      XL: |  1  2  3  4  5 |
---------------+----------------+-----
Poison Magic   | 5 |  5.0
Fighting       | 1 |  1.0
Stealth        | 4 |  4.0
Air Magic      | 2 3 |  3.0
Conjurations   | 1 2 |  2.0
Dodging        | |  1.5
Spellcasting   | |  2.0
Transmutations | |  1.0

Action                   |  1- 3 |  4- 6 || total
-------------------------+-------+-------++-------
Melee: Short sword       |       |    18 ||    18
       Punch             |       |     1 ||     1
Throw: Dart              |       |     1 ||     1
 Cast: Sting             |    39 |    25 ||    64
       Poisonous Vapours |     9 |     6 ||    15
 Abil: Spit Poison       |    13 |    12 ||    25
  Use: Scroll            |       |     1 ||     1
 Stab: Sleeping          |       |     1 ||     1
Armor: Robe              |     4 |    23 ||    27
Dodge: Dodged            |    10 |    23 ||    33

Table legend: (Time is in decaauts)
 A = Elapsed time spent in this place.
 B = Non-inter-level travel time spent in this place.
 C = Inter-level travel time spent in this place.
 D = Time resting spent in this place.
 E = Time spent auto-exploring this place.
 F = Levels seen in this place.
 G = Mean time per level.
                   A        B        C        D        E       F      G
               +--------+--------+--------+--------+--------+-----+--------+
         Total |   2827 |   2704 |    123 |    748 |   1116 |   6 |  471.2 |
       Dungeon |   2458 |   2370 |     88 |    665 |    976 |   4 |  614.5 |
        Temple |    194 |    159 |     35 |      0 |    140 |   1 |  194.0 |
         Sewer |    173 |    173 |      0 |     83 |      0 |   1 |  173.0 |
               +--------+--------+--------+--------+--------+-----+--------+

Top non-repeatable levels by time:
     D:1: 1309 daAuts
     D:4: 1042 daAuts
  Temple: 194 daAuts
   Sewer: 173 daAuts
     D:3: 95 daAuts
     D:2: 11 daAuts
